Map: 2000 атмосфер РВ

Players

Doll - Winner!

  • Race: Terran Terran

ИИ 1 (эксперт)

  • Race: Protoss Protoss

VOD

Have the link to the VOD?

Description

Time

  • Played on: July 27, 2021, 8:07 a.m.
  • Length: 14:33
Show
View Real Time Build Order
Export as new Build Order

Doll Terran - Winner!

Build Orders:  

Get SALT Encoding   

  12  0:00  SCV  
  13  0:14  Supply Depot  
  13  0:18  SCV  
  14  0:30  SCV  
  15  0:38  Barracks  
  16  0:42  SCV  
  16  0:53  Barracks  
  16  0:56  SCV  
  17  1:07  Supply Depot  
  17  1:08  SCV  
  18  1:21  SCV  
  18  1:24  Refinery  
  18  1:25  Marine  
  20  1:33  Orbital Command  
  20  1:39  Marine  
  21  1:43  Marine  
  22  1:57  Barracks  
  22  1:58  Marine  
  22  1:59  SCV  
  24  2:02  Marine  
  25  2:09  Supply Depot  
  25  2:11  SCV  
  26  2:16  Marine  
  26  2:21  Marine  
  26  2:22  Supply Depot  
  28  2:24  SCV  
  29  2:33  Factory  
  29  2:35  Marine  
  30  2:40  Barracks Tech Lab  
  30  2:41  SCV  
  31  2:46  Refinery  
  31  2:47  Marine  
  32  2:53  SCV  
  32  2:54  Barracks Tech Lab  
  33  2:58  Marine  
  33  3:05  Marine  
  36  3:12  SCV  
  36  3:18  Factory Tech Lab  
  36  3:21  Stimpack  
  36  3:31  Command Center  
  36  3:37  SCV  
  37  3:43  Siege Tank  
  37  3:46  Marine x2  
  42  3:49  SCV  
  43  3:57  Supply Depot, Marine  
  43  4:02  Combat Shield  
  44  4:03  SCV  
  44  4:06  Marine  
  46  4:12  Barracks Reactor  
  46  4:15  SCV  
  47  4:20  Supply Depot  
  47  4:22  Marauder  
  49  4:26  Marauder  
  49  4:29  SCV  
  52  4:42  SCV  
  52  4:43  Starport  
  52  4:45  Orbital Command  
  53  4:51  Marauder  
  53  4:52  Marine  
  56  4:55  SCV  
  59  5:00  Marauder  
  59  5:08  SCV  
  59  5:11  Siege Tank  
  59  5:12  Marine  
  59  5:13  Marine  
  65  5:15  SCV  
  65  5:17  Marine  
  65  5:19  Refinery  
  67  5:22  Refinery  
  67  5:24  SCV  
  67  5:27  Marine  
  70  5:28  SCV  
  70  5:30  Medivac  
  70  5:35  Marauder  
  74  5:39  SCV  
  74  5:40  Supply Depot  
  74  5:41  Marine x2  
  77  5:44  Concussive Shells  
  77  5:49  Supply Depot  
  77  5:54  SCV  
  78  6:01  Starport Tech Lab  
  78  6:08  Marauder x2, Marine x2  
  84  6:13  Cyclone  
  84  6:15  SCV  
  84  6:16  SCV  
  89  6:21  Supply Depot  
  89  6:29  SCV x2  
  91  6:37  Ghost Academy, Marine  
  91  6:38  Marine  
  91  6:39  Marine, Command Center  
  93  6:43  SCV  
  93  6:44  SCV  
Show
View Real Time Build Order
Export as new Build Order

ИИ 1 (эксперт) Protoss 

Build Orders: Colossus Rush 

Get SALT Encoding   

  12  0:00  Probe  
  13  0:13  Probe  
  14  0:19  Pylon  
  14  0:25  Probe  
  15  0:34  Probe  
  15  0:42  Probe  
  16  0:47  Assimilator  
  17  0:50  Gateway  
  17  0:52  Probe  
  18  1:00  Probe, Pylon  
  19  1:08  Probe  
  19  1:18  Probe  
  21  1:36  Gateway, Probe  
  21  1:38  Zealot  
  24  1:40  Cybernetics Core  
  24  1:47  Pylon  
  24  1:48  Probe  
  25  1:57  Zealot  
  25  2:00  Probe  
  28  2:08  Warp Gate  
  28  2:10  Assimilator  
  28  2:12  Probe  
  29  2:22  Adept  
  29  2:24  Adept, Probe  
  34  2:34  Pylon  
  34  2:36  Probe  
  35  2:48  Probe  
  36  2:52  Sentry  
  36  2:54  Adept  
  40  3:00  Probe  
  41  3:13  Nexus, Probe  
  42  3:20  Stalker  
  42  3:25  Probe  
  45  3:36  Robotics Facility  
  45  3:37  Probe  
  46  3:49  Probe  
  46  3:52  Pylon  
  47  4:07  Probe  
  47  4:10  Adept  
  47  4:16  Adept, Probe  
  53  4:25  Probe x2  
  53  4:30  Adept  
  57  4:35  Robotics Bay  
  57  4:37  Probe x2  
  59  4:39  Observer  
  60  4:47  Robotics Facility  
  60  4:49  Probe x2  
  62  4:54  Pylon  
  62  4:55  Stalker  
  64  5:00  Stalker  
  64  5:01  Probe x2  
  64  5:07  Pylon  
  68  5:13  Probe x2  
  68  5:14  Colossus  
  76  5:31  Pylon  
  76  5:32  Zealot  
  78  5:43  Zealot  
  78  5:45  Probe  
  78  5:46  Pylon  
  78  5:48  Twilight Council  
  78  5:49  Probe  
  82  5:50  Assimilator, Stalker  
  82  5:54  Gateway  
  82  5:55  Assimilator  
  84  6:04  Sentry  
  86  6:12  Probe  
  86  6:13  Probe  
  86  6:17  Pylon  
  88  6:19  Nexus  
  88  6:22  Probe  
  88  6:25  Probe  
  89  6:30  Probe  
  90  6:33  Forge, Templar Archives  
  90  6:37  Pylon  
  91  6:40  Pylon  
  91  7:02  Stalker  
  91  7:07  Forge, Stalker  
  95  7:09  Photon Cannon  
  95  7:11  High Templar  
  97  7:18  Photon Cannon  
  97  7:21  Protoss Ground Weapons Level 1  
  97  7:22  Photon Cannon  
  97  7:23  Photon Cannon  
  97  7:25  High Templar  
  89  7:30  Zealot  
  89  7:32  Probe x3  
  74  7:39  Sentry  
  74  7:44  Probe x2  
  63  7:46  Adept  
  63  7:49  Assimilator  
  63  7:50  Zealot  
  64  7:56  Zealot, Probe x2  
  66  8:02  High Templar  
  62  8:10  High Templar, Probe  
  56  8:13  Probe  
  56  8:16  Adept  
  51  8:22  Probe  
  51  8:23  Pylon  
  49  8:30  Probe  
  49  8:33  High Templar  
  50  8:34  Zealot, Probe  
  51  8:42  High Templar, Probe  
  51  8:46  Probe  
  50  8:54  High Templar, Probe  
  50  8:55  Adept  
  52  8:59  Probe  
  49  9:06  Probe  
  47  9:11  Probe  
  47  9:13  High Templar  
  47  9:14  Adept  
  49  9:18  Probe  
  49  9:23  Probe  
  47  9:26  Zealot  
  47  9:30  Probe  
  42  9:33  Zealot  
  42  9:35  Probe  
  39  9:42  Probe  
  39  9:45  Zealot, Adept  
  41  9:47  Zealot, Probe  
  39  9:55  Probe  
  39  9:58  Zealot  
  39  9:59  Probe  
  42  10:04  High Templar  
  42  10:05  Zealot  
  45  10:07  Probe  
  45  10:14  Probe  
  46  10:16  Sentry  
  46  10:19  Probe  
  43  10:25  Zealot  
  43  10:26  Probe  
  39  10:36  Stalker  
  39  10:39  Adept  
  33  10:46  High Templar  
  33  10:49  Probe  
  27  10:52  High Templar  
  23  11:00  Stalker  
  15  11:20  Adept, Zealot  
  15  11:23  Zealot  
  12  11:40  High Templar  
  12  11:58  High Templar  
  12  12:26  High Templar  
  8  13:14  Probe  
Tags
 
Add a new tag
Caveats
  • Supply blocks, unpowered buildings, or Contaminate may cause inaccurate times.
  • Supply counts are checked every 10 seconds.